 Dungeon Crawl Stone Soup version 0.20.0-15-g7f486f2 (webtiles) character file.

2594 renl the Cleaver (level 9, 0/82 HPs)
             Began as a Hill Orc Monk on June 28, 2017.
             Was an Elder of Okawaru.
             Slain by an ogre
             ... wielding a +0 giant club
              (17 damage)
             ... on level 7 of the Dungeon on June 29, 2017.
             The game lasted 00:45:43 (6854 turns).

renl the Cleaver (Hill Orc Monk)                    Turns: 6854, Time: 00:45:44

Health: 0/82       AC: 18    Str: 17    XL:     9   Next: 58%
Magic:  7/9        EV: 13    Int: 10    God:    Okawaru [****..]
Gold:   323        SH:  0    Dex: 13    Spells: 8/8 levels left

rFire    . . .     SeeInvis +   y - +0 war axe
rCold    . . .     Gourm    .   (no shield)
rNeg     . . .     Faith    .   g - +0 plate armour
rPois    .         Spirit   .   s - +1 helmet {SInv}
rElec    .         Reflect  .   (no cloak)
rCorr    .         Harm     .   (no gloves)
MR       +....                  I - +0 pair of boots
Stlth    ..........             (no amulet)
Regen    0.3/turn               r - ring of protection from magic
MPRegen  0.2/turn               G - +4 ring of evasion

@: heroism
A: no striking features
a: Heroism, Renounce Religion


You were on level 7 of the Dungeon.
You worshipped Okawaru.
Okawaru was greatly pleased with you.
You were not hungry.

You visited 2 branches of the dungeon, and saw 8 of its levels.
You also visited: Sewer.

You collected 323 gold pieces.

Inventory:

Hand Weapons
 u - a +1 flail of freezing
 y - a +0 war axe (weapon)
 J - a +0 whip of freezing
Armour
 g - a +0 plate armour (worn)
 s - a +1 helmet of see invisible (worn)
 I - a +0 pair of boots (worn)
Jewellery
 r - a ring of protection from magic (left hand)
 G - a +4 ring of evasion (right hand)
Wands
 F - a wand of iceblast (6/15)
 K - a wand of clouds (5/9)
Scrolls
 b - a scroll of amnesia {unknown}
 d - 2 scrolls of remove curse
 e - a scroll of immolation {unknown}
 f - 2 scrolls of identify
 h - 3 scrolls of magic mapping {unknown}
 j - 3 scrolls of fog {unknown}
 l - 2 scrolls of recharging {unknown}
 t - a scroll of random uselessness {unknown}
 w - a scroll of acquirement {unknown}
 z - a scroll of enchant weapon {unknown}
 A - 3 scrolls of fear {unknown}
 D - a scroll of enchant armour {unknown}
 E - a scroll of blinking {unknown}
Potions
 a - a potion of magic
 i - 2 potions of curing
 k - 3 potions of lignification
 m - 2 potions of ambrosia
 q - a potion of mutation
 B - 2 potions of might
 H - a potion of flight {unknown}
 L - a potion of brilliance {unknown}
Books
 x - a book of Cantrips

   Spells                             Type                      Level
   a - Confusing Touch                Hexes                        1
   b - Animate Skeleton               Necromancy                   1
   c - Summon Small Mammal            Summoning                    1
   d - Apportation                    Translocation                1
Comestibles
 c - 3 bread rations
 n - 2 fruits
 p - 4 meat rations
 v - 2 royal jellies
 C - 2 chunks of flesh


   Skills:
 + Level 8.5(13.5) Fighting
 + Level 12.5(17.5) Axes
 + Level 5.8(10.8) Armour
 - Level 2.4(7.4) Dodging
 - Level 1.5(6.5) Stealth
 + Level 1.0 Invocations
 + Level 0.4 Evocations


You had 8 spell levels left.
You didn't know any spells.

Dungeon Overview and Level Annotations

Branches:
Dungeon (7/15)             Temple (1/1) D:4

Altars:
Ashenzari
Cheibriados
Elyvilon
Fedhas
Gozag
Hepliaklqana
Kikubaaqudgha
Makhleb
Nemelex Xobeh
Okawaru
Qazlal
Ru
Sif Muna
Trog
Vehumet
Xom
Yredelemnul
Zin
The Shining One

Annotations:
D:3 chaoswolf's ghost, weakling DsBe


Message History

You feel sick.
You hit the ogre.
The ogre is lightly wounded.
The ogre hits you with a giant club!
You gain the combat prowess of a mighty hero.
The ogre hits you with a giant club!
* * * LOW HITPOINT WARNING * * *
You hit the ogre but do no damage.
The ogre is lightly wounded.
You feel sick.
You are no longer poisoned.
You closely miss the ogre.
The ogre is lightly wounded.
The ogre closely misses you.
You slash the ogre!
The ogre is heavily wounded.
You hit the ogre.
The ogre is heavily wounded.
The ogre hits you with a giant club!
You die...

.......<......##....#
..###.##########....≈
#.. #...... ##.#
#...... ...# #......
...# ##....≈ #.#.#
##...≈# #.## #..<..≈
#@.# #......
.....HO#.# ###......
.......#.# #........
.......#.# #.###...#
.......#.## #.#####..
.......#..####
#.#.....#
.......##....#
#...##### .......
####.####### ### #..#
#..


You could see a hippogriff and an ogre.

Vanquished Creatures
  Prince Ribbit (D:5)
  Purgy (Sewer)
  An ice beast (D:7)
  3 orc warriors (D:6)
  A phantom (D:6)
  A centaur (D:5)
  3 ogres
  A big kobold (D:7)
  2 scorpions
  3 wights
  A howler monkey (D:6)
  An electric eel (D:7)
  A crimson imp (D:5)
  6 orc priests
  2 jellies (D:5)
  2 bullfrog skeletons
  2 centaur skeletons
  3 iguanas
  7 orc wizards
  5 worker ants
  A worker ant zombie (D:6)
  Robin (D:3)
  3 gnolls (D:6)
  18 adders
  A shadow imp (D:7)
  An ooze (D:3)
  An adder skeleton (D:5)
  6 worms
  2 dart slugs (D:1)
  5 leopard geckos
  16 orcs
  14 bats
  5 giant cockroaches
  16 goblins
  11 hobgoblins
  9 jackals
  6 quokkas
  8 ball pythons
  8 frilled lizards
  10 kobolds
  A leopard gecko skeleton (D:5)
  A quokka skeleton (D:4)
  7 rats
198 creatures vanquished.

Notes
Turn   | Place    | Note
-------+----------+-------------------------------------------
     0 | D:1      | renl the Hill Orc Monk began the quest for the Orb.
     0 | D:1      | Reached XP level 1. HP: 19/19 MP: 1/1
    96 | D:1      | Reached XP level 2. HP: 17/27 MP: 2/2
   309 | D:1      | Reached XP level 3. HP: 28/33 MP: 3/3
   557 | D:2      | Reached skill level 5 in Axes
   793 | D:2      | Reached XP level 4. HP: 25/41 MP: 4/4
  1431 | D:3      | Noticed Robin
  1434 | D:3      | Reached skill level 6 in Axes
  1449 | D:3      | Killed Robin
  1449 | D:3      | Reached skill level 1 in Armour
  1455 | D:3      | Reached XP level 5. HP: 25/47 MP: 5/5
  1472 | D:3      | Noticed chaoswolf's ghost (weakling DsBe)
  1536 | D:3      | Found a sparkling altar of Nemelex Xobeh.
  1607 | D:3      | HP: 2/47 [poisoned by an adder]
  1615 | D:3      | HP: 2/47 [poisoned by an adder]
  2084 | D:3      | Reached skill level 5 in Fighting
  2154 | D:3      | Reached skill level 7 in Axes
  2181 | D:3      | Reached XP level 6. HP: 20/56 MP: 6/6
  2518 | D:4      | Found a staircase to the Ecumenical Temple.
  2540 | Temple   | Entered the Ecumenical Temple
  2768 | Temple   | Became a worshipper of Warmaster Okawaru
  2768 | Temple   | Reached * piety under Okawaru
  2768 | Temple   | Reached ** piety under Okawaru
  2935 | D:4      | Found a hazy altar of Hepliaklqana.
  3262 | D:4      | Reached skill level 8 in Axes
  3542 | D:3      | Reached XP level 7. HP: 60/62 MP: 5/7
  3927 | D:5      | Entered Level 5 of the Dungeon
  4144 | D:5      | Found a glowing drain.
  4165 | D:5      | Reached skill level 9 in Axes
  4190 | Sewer    | Entered a sewer
  4274 | Sewer    | Noticed Purgy
  4287 | Sewer    | Killed Purgy
  4287 | Sewer    | Reached *** piety under Okawaru
  4287 | Sewer    | Reached XP level 8. HP: 67/71 MP: 8/8
  4549 | D:5      | Noticed Prince Ribbit
  4559 | D:5      | Killed Prince Ribbit
  4559 | D:5      | Reached skill level 10 in Axes
  4992 | D:6      | Found a burning altar of Makhleb.
  5463 | D:5      | Noticed a hornet
  5463 | D:5      | an ogre changed into a hornet
  5464 | D:5      | Noticed a troll
  5464 | D:5      | a hornet changed into a troll
  5580 | D:6      | Reached skill level 11 in Axes
  5586 | D:6      | Reached skill level 5 in Armour
  5589 | D:6      | Reached XP level 9. HP: 10/79 MP: 9/9
  5607 | D:6      | HP: 3/79 [phantom (4)]
  6023 | D:6      | Found a radiant altar of Vehumet.
  6575 | D:6      | Reached **** piety under Okawaru
  6575 | D:6      | Reached skill level 12 in Axes
  6664 | D:7      | Reached skill level 1 in Invocations
  6854 | D:7      | Slain by an ogre

Skill      XL: |  1  2  3  4  5  6  7  8  9 |
---------------+----------------------------+-----
Fighting       | 4 5 6 7 8 |  8.5
Axes           | 5 6 7 8 9 11 12 | 12.5
Armour         | 1 2 3 5 |  5.8
Invocations    | 1 |  1.0
Dodging        | |  2.4
Stealth        | |  1.5
Evocations     | |  0.4

Action                   |  1- 3 |  4- 6 |  7- 9 || total
-------------------------+-------+-------+-------++-------
Melee: Hand axe          |   112 |   337 |    95 ||   544
       War axe           |       |       |   342 ||   342
Invok: Heroism           |       |     2 |     4 ||     6
Evoke: Wand              |       |       |     4 ||     4
  Use: Scroll            |       |       |     9 ||     9
       Potion            |       |       |     1 ||     1
  Eat: Chunk             |       |     9 |    11 ||    20
Armor: Robe              |     2 |       |       ||     2
       Plate armour      |    87 |   291 |   249 ||   627
Dodge: Dodged            |    34 |   101 |   104 ||   239
